 Dungeon Crawl Stone Soup version 0.20-a0-1008-g0de3dc5 (console) character file.

232 vuev the Conjurer (level 5, 0/28 HPs)
             Began as a Deep Elf Conjurer on Apr 14, 2017.
             Killed from afar by an orc wizard (6 damage)
             ... with a magic dart
             ... on level 4 of the Dungeon.
             The game lasted 00:05:41 (3277 turns).

vuev the Conjurer (Deep Elf Conjurer)               Turns: 3277, Time: 00:05:41

Health: 0/28       AC:  2    Str:  5    XL:     5   Next: 73%
Magic:  5/14       EV: 13    Int: 21    God:
Gold:   118        SH:  0    Dex: 15    Spells: 7/14 levels left

rFire    . . .     SeeInvis .   (no weapon)
rCold    . . .     Gourm    .   (no shield)
rNeg     . . .     Faith    .   a - +0 robe
rPois    .         Spirit   .   (no helmet)
rElec    .         Reflect  .   (no cloak)
rCorr    .         Harm     .   (no gloves)
MR       .....                  (no boots)
Stlth    ++........             (no amulet)
Regen    0.1/turn               g - ring of flight
MPRegen  0.2/turn               (no ring)

@: slowed, very slow
A: no striking features
a: Evoke Flight


You were on level 4 of the Dungeon.
You were not hungry.

You visited 1 branch of the dungeon, and saw 4 of its levels.

You collected 118 gold pieces.

Inventory:

Missiles
 l - 129 stones (quivered)
Armour
 a - a +0 robe (worn)
Jewellery
 g - a ring of flight (left hand)
Wands
 t - a wand of confusion (11/48)
Scrolls
 e - 2 scrolls of enchant armour {unknown}
 f - a scroll of teleportation {unknown}
 k - a scroll of remove curse {unknown}
 m - a scroll of random uselessness {unknown}
 p - 3 scrolls of identify {unknown}
 r - 2 scrolls of magic mapping {unknown}
 s - a scroll of enchant weapon {unknown}
 v - a scroll of amnesia {unknown}
Potions
 d - a potion of haste {unknown}
 h - a potion of cancellation {unknown}
 j - a potion of brilliance {unknown}
 n - 2 potions of heal wounds {unknown}
 o - 2 potions of degeneration {unknown}
 u - 2 potions of mutation {unknown}
 x - a potion of flight {unknown}
Books
 b - a book of Conjurations

   Spells                             Type                      Level
   a - Magic Dart                     Conjuration                  1
   b - Searing Ray                    Conjuration                  2
   c - Dazzling Spray                 Conjuration/Hexes            3
   d - Fulminant Prism                Conjuration/Hexes            4
   e - Force Lance                    Conjuration/Translocation    4
   f - Iskenderun's Mystic Blast      Conjuration                  4
Comestibles
 c - 3 bread rations
 i - a meat ration
 q - a royal jelly
 w - 2 chunks of flesh


   Skills:
 + Level 3.2 Dodging
 - Level 2.4 Stealth
 + Level 5.1 Spellcasting
 + Level 6.5 Conjurations


You had 7 spell levels left.
You knew the following spells:

 Your Spells              Type           Power        Failure   Level  Hunger
a - Magic Dart            Conj           ####         1%          1    None
e - Iskenderun's Mystic   Conj           ####....     10%         4    ####...
r - Searing Ray           Conj           ####..       1%          2    None


Dungeon Overview and Level Annotations

Branches:
Dungeon (4/15)
 Temple: D:4-7

Altars:
Trog

Shops:
D:4 *

Annotations:
D:3 Grinder


Message History

The orc wizard barely misses you. The orc wizard hits you with a dagger.
* * * LOW HITPOINT WARNING * * *
The orc misses you.
The orc wizard is no longer moving quickly.
The orc wizard casts a spell.
The orc wizard blinks!
The orc barely misses you. The orc wizard hits you with a dagger.
* * * LOW HITPOINT WARNING * * *
The orc hits you but does no damage. The orc wizard misses you.
The leopard gecko bites you.
* * * LOW HITPOINT WARNING * * *
Found 12 arrows.
The orc wizard hits you but does no damage.
The orc barely misses you.
The orc wizard shouts!
The orc wizard casts a spell.
The orc wizard blinks!
The leopard gecko misses you.
The orc wizard gestures at you while chanting.
The magic dart hits you!
You die...

.. #. #.# ... #.
#.# ...##.# #.#
.......##o#
#....#....###.###
#....oo........
#.#..o..(......
#.#.#..l#####.P.P
#(.....@# .∩P
#.#.###.o# P. #.
#.... # #..###
.... ##... .## .#


You could see 2 orc wizards, 3 orcs and a leopard gecko.

Vanquished Creatures
  2 hounds (D:3)
  Robin (D:3)
  4 adders
  3 gnolls (D:2)
  An ooze (D:3)
  A worm (D:2)
  2 dart slugs
  4 leopard geckos
  3 orcs (D:3)
  A ball python (D:2)
  2 giant cockroaches
  17 goblins
  10 hobgoblins
  2 jackals (D:2)
  6 kobolds
  A quokka (D:2)
  8 bats
  4 frilled lizards
  7 rats
79 creatures vanquished.

Notes
Turn   | Place    | Note
-------+----------+-------------------------------------------
     0 | D:1      | vuev the Deep Elf Conjurer began the quest for the Orb.
     0 | D:1      | Reached XP level 1. HP: 10/10 MP: 6/6
   297 | D:1      | Reached XP level 2. HP: 15/15 MP: 6/8
   566 | D:1      | Reached skill level 5 in Conjurations
   941 | D:1      | Learned a level 2 spell: Searing Ray
  1035 | D:2      | Found a bloodstained altar of Trog.
  1052 | D:2      | Reached XP level 3. HP: 19/19 MP: 3/10
  1514 | D:2      | Reached XP level 4. HP: 24/24 MP: 6/11
  2031 | D:2      | Reached skill level 6 in Conjurations
  2105 | D:3      | Noticed Robin
  2109 | D:3      | Killed Robin
  2599 | D:3      | Reached XP level 5. HP: 28/28 MP: 9/13
  3172 | D:3      | Learned a level 4 spell: Iskenderun's Mystic Blast
  3183 | D:3      | Reached skill level 5 in Spellcasting
  3255 | D:3      | Noticed Grinder
  3272 | D:4      | Found Ykkenuum's Assorted Antiques.
  3277 | D:4      | Killed from afar by an orc wizard

Vault maps used:
D:1:      wheals_arrival_shading, minivault_26
D:2:      bloody_trog
D:3:      first_bread, cheibrodos_gnoll_hut, uniq_jessica, uniq_grinder,
          uniq_robin
D:4:      tgw_sif, minmay_temple_entry_enclosed_plants, serial_shops,
          nicolae_shop_overgrown_old_shop

Skill      XL: |  1  2  3  4  5 |
---------------+----------------+-----
Conjurations   | 5 6 |  6.5
Spellcasting   | 4 5 |  5.1
Dodging        | 3 |  3.2
Stealth        | |  2.4

Action                   |  1- 3 |  4- 6 || total
-------------------------+-------+-------++-------
Melee: Unarmed           |       |     2 ||     2
Throw: Stone             |       |     3 ||     3
 Cast: Magic Dart        |    54 |    27 ||    81
       Searing Ray       |     6 |    24 ||    30
  Eat: Chunk             |     2 |     5 ||     7
Armor: Robe              |     2 |    11 ||    13
Dodge: Dodged            |     4 |    41 ||    45
